Map: Year Zero LE

Players

AnTeK

  • Race: Zerg Zerg
  • League: Diamond
  • Spawn Location: 1:00

GrandmaMacro - Winner!

  • Race: Terran Terran
  • League: Master
  • Spawn Location: 11:00

VOD

Have the link to the VOD?

Description

Time

  • Played on: March 30, 2019, 4:57 a.m.
  • Length: 14:00
Show
View Real Time Build Order
Export as new Build Order

AnTeK Zerg 

Build Orders: Hatch First 

Get SALT Encoding   

  12  0:01  Drone  
  13  0:13  Overlord  
  13  0:18  Drone  
  14  0:31  Drone x2  
  16  0:49  Hatchery  
  15  0:55  Drone  
  16  0:58  Drone  
  17  1:12  Spawning Pool  
  17  1:14  Drone  
  17  1:18  Drone  
  18  1:22  Drone  
  19  1:29  Extractor  
  19  1:31  Drone  
  19  1:53  Overlord  
  19  1:54  Drone  
  20  2:01  Queen x2  
  20  2:03  Zergling x2  
  20  2:07  Zergling x2  
  26  2:12  Drone  
  26  2:13  Drone  
  28  2:25  Drone  
  28  2:26  Drone  
  29  2:38  Drone x2  
  29  2:43  Metabolic Boost  
  31  2:53  Drone  
  31  2:54  Drone  
  31  2:58  Overlord  
  33  3:01  Drone  
  34  3:12  Zergling x2  
  35  3:16  Queen x2  
  39  3:20  Hatchery  
  38  3:33  Drone x5  
  43  3:39  Overlord  
  43  3:40  Overlord  
  43  3:47  Evolution Chamber  
  42  3:50  Overlord  
  42  4:15  Drone  
  42  4:16  Drone x6  
  49  4:18  Zerg Ground Armor Level 1  
  49  4:20  Evolution Chamber  
  49  4:22  Extractor  
  49  4:23  Drone  
  48  4:35  Drone  
  48  4:36  Drone x6  
  48  4:37  Drone  
  56  4:40  Zergling x2  
  57  4:45  Zergling x2  
  58  4:58  Zergling x14  
  65  5:02  Lair  
  65  5:14  Overlord x3  
  65  5:18  Overlord  
  65  5:19  Overlord  
  65  5:22  Baneling Nest  
  64  5:31  Queen  
  64  5:32  Queen  
  68  5:40  Drone  
  68  5:41  Drone x15  
  84  5:44  Extractor  
  83  5:57  Extractor  
  83  6:03  Hydralisk Den  
  81  6:07  Queen, Zerg Melee Weapons Level 1  
  81  6:08  Centrifical Hooks  
  83  6:17  Extractor  
  82  6:26  Zergling x2  
  82  6:27  Hatchery, Zergling x2  
  82  6:29  Drone  
  82  6:30  Drone x2  
  82  6:31  Zergling x18  
  88  7:03  Zergling x2  
  88  7:06  Baneling x6, Overlord x2  
  88  7:07  Zerg Ground Armor Level 2, Overlord x4  
  89  7:17  Extractor  
  89  7:21  Hatchery  
  87  7:41  Hydralisk, Muscular Augments  
  87  7:42  Hydralisk  
  87  7:53  Drone x8  
  87  7:54  Drone x3  
  87  7:55  Drone x2  
  100  7:59  Queen x4  
  108  8:23  Zergling x26  
  108  8:24  Zergling x16  
  122  8:32  Hydralisk x2  
  122  8:35  Baneling x5  
  122  8:44  Zerg Melee Weapons Level 2  
  122  8:45  Overlord  
  122  8:46  Overlord  
  122  8:49  Infestation Pit  
  122  8:52  Grooved Spines  
  120  9:06  Queen  
  120  9:07  Drone x6  
  128  9:21  Hydralisk x8  
  128  9:22  Hydralisk x8  
  160  9:30  Hatchery, Extractor  
  158  9:32  Extractor  
  158  9:33  Extractor  
  158  9:34  Extractor  
  158  9:35  Hive  
  154  9:40  Baneling x3  
  154  9:41  Baneling  
  154  9:42  Zergling x12  
  154  9:43  Zergling x10  
  154  9:44  Overlord x2  
  154  9:45  Overlord x3  
  165  9:55  Baneling  
  165  9:56  Baneling x7  
  165  9:57  Baneling  
  165  10:03  Zergling x16  
  173  10:09  Zergling x2  
  173  10:10  Zergling x18  
  183  10:17  Baneling x8  
  183  10:18  Baneling x3  
  118  10:45  Zergling x32  
  125  11:02  Spawning Pool  
  122  11:06  Zerg Melee Weapons Level 3  
  122  11:07  Ultralisk Cavern  
  121  11:23  Overlord  
  121  11:26  Drone x13  
  121  11:27  Drone x6  
  135  11:50  Adrenal Glands  
  133  12:13  Ultralisk  
  139  12:19  Hatchery  
  138  12:24  Drone x3, Overlord  
  138  12:25  Overlord  
  141  12:38  Hatchery  
  140  12:46  Ultralisk x3  
  140  12:48  Overlord x2  
  154  13:18  Baneling x3  
Show
View Real Time Build Order
Export as new Build Order

GrandmaMacro Terran - Winner!

Build Orders: Reaper Expand 

Get SALT Encoding   

  12  0:01  SCV  
  13  0:13  SCV  
  14  0:18  Supply Depot  
  14  0:25  SCV  
  15  0:39  SCV  
  15  0:41  Barracks  
  16  0:45  Refinery  
  16  0:51  SCV  
  17  1:03  SCV  
  18  1:15  SCV  
  19  1:27  Orbital Command  
  19  1:28  Reaper  
  20  1:43  Command Center  
  20  1:54  Barracks  
  20  1:57  SCV  
  20  2:01  Barracks Reactor  
  21  2:11  Supply Depot  
  21  2:12  SCV  
  22  2:23  Refinery  
  22  2:24  Factory  
  22  2:38  SCV  
  22  2:42  Marine, Barracks Tech Lab  
  22  2:43  Marine  
  25  2:50  SCV  
  26  2:55  Orbital Command  
  26  3:00  Marine x2  
  26  3:02  SCV  
  29  3:14  Starport, SCV  
  29  3:15  Factory Reactor  
  29  3:19  Marine x2  
  32  3:21  SCV  
  33  3:29  Marine  
  33  3:30  Stimpack  
  34  3:37  Marine  
  34  3:39  SCV  
  36  3:44  SCV  
  36  3:48  Supply Depot  
  37  3:50  Marine x2  
  37  3:51  SCV  
  40  3:56  Supply Depot  
  40  4:00  SCV  
  40  4:01  Medivac  
  43  4:04  Medivac  
  43  4:05  Marine  
  43  4:09  SCV  
  47  4:10  Engineering Bay  
  47  4:13  Marine, SCV  
  49  4:20  Engineering Bay  
  49  4:22  SCV  
  49  4:24  Marine x2  
  51  4:28  SCV  
  53  4:31  Marine  
  53  4:33  Medivac  
  53  4:34  SCV  
  57  4:41  Marine  
  58  4:47  SCV x2  
  58  4:48  Terran Infantry Weapons Level 1  
  59  4:53  Supply Depot  
  59  4:59  SCV x2  
  61  5:04  Terran Infantry Armor Level 1  
  61  5:09  Command Center  
  61  5:10  Marine  
  62  5:14  Marine x2, SCV  
  65  5:28  Marine  
  65  5:32  Marine x2  
  65  5:35  SCV  
  68  5:37  Refinery  
  68  5:38  Combat Shield  
  68  5:40  Barracks x2  
  68  5:41  Barracks  
  68  5:42  SCV  
  69  5:44  Refinery  
  69  5:46  Marine  
  69  5:47  Supply Depot  
  70  5:59  Supply Depot  
  70  6:01  Armory  
  70  6:02  Factory Tech Lab  
  70  6:08  Marine x2, Medivac, SCV x2  
  76  6:17  Supply Depot  
  76  6:20  SCV  
  75  6:41  Marine x2  
  75  6:43  Barracks Reactor x2  
  75  6:44  Barracks Reactor  
  75  6:46  Orbital Command  
  77  7:04  SCV x2  
  77  7:05  Terran Vehicle Weapons Level 1  
  77  7:06  Terran Infantry Weapons Level 2  
  77  7:08  Terran Infantry Armor Level 2  
  79  7:09  Marine x3  
  82  7:16  Supply Depot, Siege Tank, SCV, Liberator  
  82  7:21  Marine x2  
  82  7:22  Marine x4  
  92  7:26  Supply Depot  
  92  7:27  Supply Depot, Marine x2  
  92  7:28  Marauder  
  92  7:29  SCV x2  
  98  7:34  Orbital Command  
  101  7:49  Marauder  
  102  7:59  Liberator  
  100  8:07  Marine x3, SCV x2  
  100  8:08  Marine x5  
  100  8:09  Siege Tank  
  100  8:10  Medivac, Marauder  
  120  8:25  Marine x4  
  124  8:32  Marauder  
  119  8:38  Marine x4  
  119  8:41  Siege Tank  
  126  8:53  Marauder  
  128  8:57  Marine x5  
  133  9:14  Command Center  
  133  9:26  Refinery  
  133  9:29  Refinery  
  133  9:32  Supply Depot  
  133  9:35  Marine x3, Medivac, SCV, Marauder  
  133  9:37  Liberator  
  141  9:54  Marine, Siege Tank, SCV  
  149  10:18  Supply Depot  
  149  10:19  SCV  
  149  10:24  Marine x2  
  149  10:25  Marine x6, SCV x2  
  149  10:26  Siege Tank, Marauder  
  159  10:31  SCV  
  140  10:37  SCV x2  
  140  10:41  Liberator x2  
  140  10:42  Marine x2  
  125  10:43  Marine x6, SCV  
  125  10:47  Marauder  
  110  10:59  Marine x2  
  110  11:00  SCV  
  110  11:01  Marine x5  
  113  11:08  Marauder  
  113  11:09  Marine  
  113  11:10  Siege Tank  
  119  11:13  Starport  
  119  11:14  Factory, Terran Vehicle Weapons Level 2  
  119  11:16  Terran Infantry Weapons Level 3, Terran Infantry Armor Level 3  
  119  11:17  Marine x2  
  118  11:27  Marine x5  
  118  11:30  Marauder  
  115  11:42  Widow Mine  
  115  11:44  Marine x2, Medivac x2  
  115  11:45  Marine x2  
  125  11:49  Marine x2  
  125  11:51  Marauder  
  129  11:55  Marine x2  
  129  11:57  Liberator x2  
  131  12:02  Marine x3  
  131  12:03  Marine, Siege Tank  
  138  12:09  Marine  
  138  12:10  Marine  
  138  12:13  Marine, Marauder  
  149  12:15  Starport Reactor  
  149  12:34  Marauder  
  151  12:43  Marine, Orbital Command  
  151  12:44  Marine x7  
  153  12:46  Siege Tank  
  162  12:52  Refinery  
  162  12:55  Marauder  
  162  12:57  Medivac  
  166  13:01  Marine x2  
  161  13:17  Marauder  
  154  13:32  Marine  
  154  13:33  Marine x7  
  153  13:38  Marauder  
Tags
 
Add a new tag
Caveats
  • Supply blocks, unpowered buildings, or Contaminate may cause inaccurate times.
  • Supply counts are checked every 10 seconds.